 Dungeon Crawl Stone Soup version 0.27-a0-535-g7eaf864cf9 (webtiles) character file.

Game seed: 13323701294956324021

593 Gildeon the Poker (level 7, -8/56 HPs)
             Began as a Formicid Fighter on Mar 6, 2021.
             Was a Follower of Makhleb.
             Mangled by an ogre
             ... wielding a +0 giant club
              (17 damage)
             ... on level 4 of the Dungeon.
             The game lasted 00:10:02 (4386 turns).

Gildeon the Poker (Formicid Fighter)                Turns: 4386, Time: 00:10:02

Health: -8/56      AC: 12    Str: 23    XL:     7   Next: 67%
Magic:  7/7        EV:  7    Int:  7    God:    Makhleb [*.....]
Gold:   166        SH: 10    Dex: 10    Spells: 6/6 levels left

rFire    . . .     SeeInvis +   a - +0 trident
rCold    + . .     Faith    .   c - +0 kite shield
rNeg     . . .     Spirit   .   u - +0 chain mail
rPois    .         Reflect  .   (helmet unavailable)
rElec    .         Harm     .   f - +0 cloak
rCorr    +         Rampage  .   (no gloves)
Will     .....                  o - +0 pair of boots
Stlth    ..........             (no amulet)
HPRegen  0.18/turn              h - ring of resist corrosion
MPRegen  0.10/turn              m - ring of protection from cold

@: no status effects
A: permanent stasis, dig shafts and tunnels, antennae 3, four strong arms
a: Dig, Shaft Self, Renounce Religion


You were on level 4 of the Dungeon.
You worshipped Makhleb.
Makhleb was aware of your devotion.
You visited 1 branch of the dungeon, and saw 4 of its levels.

You collected 166 gold pieces.

Inventory:

Hand Weapons
 a - a +0 trident (weapon)
Armour
 c - a +0 kite shield (worn)
 f - a +0 cloak (worn)
 o - a +0 pair of boots (worn)
 u - a +0 chain mail (worn)
Jewellery
 d - a +6 ring of intelligence
 h - a ring of resist corrosion (left hand)
 m - a ring of protection from cold (right hand)
Scrolls
 i - a scroll of fear {unknown}
 l - a scroll of magic mapping {unknown}
 n - a scroll of amnesia {unknown}
 p - 2 scrolls of enchant armour
Potions
 b - a potion of experience {unknown}
 e - 5 potions of curing
 g - 4 potions of heal wounds
 k - a potion of berserk rage {unknown}
 q - 2 potions of mutation
 r - a potion of cancellation {unknown}
 s - 2 potions of brilliance {unknown}
 t - a potion of ambrosia {unknown}


   Skills:
 - Level 5.0 Fighting
 - Level 5.4 Polearms
 - Level 5.0 Armour
 + Level 0.7 Dodging
 - Level 5.0 Shields


You had 6 spell levels left.
You didn't know any spells.
Your spell library was empty.

Dungeon Overview and Level Annotations

Branches:
Dungeon (4/15)
 Temple: D:4-7

Altars:
Cheibriados
Makhleb
Nemelex Xobeh
Vehumet


Innate Abilities, Weirdness & Mutations

You cannot be hasted, slowed, berserked, paralysed or teleported.
You can dig through walls and to a lower floor.
You have a pair of large antennae on your head. (SInv)
Your four strong arms can wield two-handed weapons with a shield.


Message History

The ball python constricts you.
You hit the ball python.
You kill the ball python!
Makhleb accepts your kill.
You feel better. You block the bat's attack.
The bat hits you but does no damage.
An orc comes into view.
The orc moves out of view.
You block the bat's attack.
You puncture the bat!
You kill the bat!
Makhleb accepts your kill.
You see here a bat corpse.
An ogre comes into view. It is wielding a +0 giant club.
The ogre shouts!
There is a collapsed entrance here.
You see here a bat corpse.
You enter the shallow water.
Moving in this stuff is going to be slow.
Things that are here:
a worm corpse; a worker ant corpse The ogre barely misses you.
You barely miss the ogre. You block the ogre's attack.
You puncture the ogre!
The ogre is moderately wounded.
The ogre hits you with a +0 giant club!
You puncture the ogre!
The ogre is severely wounded.
The orc hits you.
The ogre hits you with a +0 giant club!!
* * * LOW HITPOINT WARNING * * *
You barely miss the ogre.
The ogre is severely wounded.
The orc hits you but does no damage. The ogre hits you with a +0 giant club.
* * * LOW HITPOINT WARNING * * *
The orc hits you but does no damage.
You hit the ogre.
The ogre is severely wounded.
You block the orc's attack. The ogre hits you with a +0 giant club!
You die...

####.. ###
######## #......##
..####...## #####
# ##...###...###
## ..
##...........###.
#.
##...#...###......
#.## ##@.###..##
##.....
####..#######Oo##
#..# ##....
...........#..##
#..# ##... #
#≈≈.≈≈##...## #.##
#...
#.##≈≈≈≈≈##†.##
#.# #...
#.≈≈.....≈≈.## #.#
#...
##.≈≈..≈.†≈≈.# #.#
##...
..........≈≈.# #.
##....
...≈≈.≈...≈≈..#
#.....


You could see an ogre and an orc.

Vanquished Creatures
  Sigmund (D:4)
  A scorpion (D:4)
  4 orc wizards
  4 worker ants (D:4)
  7 adders
  4 worms
  A dart slug (D:1)
  5 leopard geckos
  8 orcs
  17 bats
  5 giant cockroaches
  7 goblins
  8 hobgoblins
  11 kobolds
  3 quokkas
  2 ball pythons
  A ball python skeleton (D:4)
  4 frilled lizards
  7 rats
100 creatures vanquished.

Vanquished Creatures (others)
  An orc wizard (D:4)
1 creature vanquished.

Grand Total: 101 creatures vanquished

Notes
Turn   | Place    | Note
-------+----------+-------------------------------------------
     0 | D:1      | Gildeon the Formicid Fighter began the quest for the Orb.
     0 | D:1      | Reached XP level 1. HP: 18/18 MP: 1/1
    77 | D:1      | Reached XP level 2. HP: 17/24 MP: 2/2
   552 | D:1      | Reached XP level 3. HP: 29/29 MP: 3/3
  1124 | D:2      | Reached XP level 4. HP: 15/35 MP: 4/4
  1444 | D:2      | Found a radiant altar of Vehumet.
  1445 | D:2      | Found a burning altar of Makhleb.
  1463 | D:2      | Became a worshipper of Makhleb the Destroyer
  1792 | D:2      | Reached XP level 5. HP: 30/41 MP: 5/5
  2117 | D:2      | Found a sparkling altar of Nemelex Xobeh.
  2289 | D:3      | Reached skill level 5 in Polearms
  2538 | D:3      | Found a snail-covered altar of Cheibriados.
  2706 | D:3      | Reached * piety under Makhleb
  2855 | D:3      | Reached XP level 6. HP: 43/48 MP: 6/6
  3730 | D:4      | Noticed Sigmund
  3737 | D:4      | Killed Sigmund
  3738 | D:4      | Reached skill level 5 in Fighting
  3738 | D:4      | Reached XP level 7. HP: 48/56 MP: 7/7
  3881 | D:4      | Reached skill level 5 in Armour
  4347 | D:4      | Reached skill level 5 in Shields
  4386 | D:4      | Mangled by an ogre

Illustrated notes

Levels and vault maps discovered:
D:1:      scummos_arrival_simple_fountains, layout_loops_ring,
          grunt_decor_clamped
D:2:      layout_basic, grunt_temple_overflow_open,
          nemelex_xobeh_ov_fountains_minmay
D:3:      layout_basic, cheibriados_altar_1
D:4:      layout_layer_cave, cheibrodos_sewer_entry_sluice, uniq_sigmund

Skill      XL: |  1  2  3  4  5  6  7 |
---------------+----------------------+-----
Polearms       | 3 4 5 |  5.4
Fighting       | 5 |  5.0
Armour         | 4 5 |  5.0
Shields        | 5 |  5.0
Dodging        | |  0.7

Action                   |  1- 3 |  4- 6 |  7- 9 || total
-------------------------+-------+-------+-------++-------
Melee: Trident           |   114 |   185 |   102 ||   401
  Use: Scroll            |       |     5 |       ||     5
       Potion            |       |     1 |     1 ||     2
Armor: Scale mail        |    69 |    52 |       ||   121
       Chain mail        |       |    16 |    88 ||   104
Dodge: Dodged            |    42 |    44 |    45 ||   131
Block: Kite shield       |    69 |    85 |    71 ||   225

Table legend: (Time is in decaauts)
 A = Elapsed time spent in this place.
 B = Non-inter-level travel time spent in this place.
 C = Inter-level travel time spent in this place.
 D = Time resting spent in this place.
 E = Time spent auto-exploring this place.
 F = Levels seen in this place.
 G = Mean time per level.
                   A        B        C        D        E       F      G
               +--------+--------+--------+--------+--------+-----+--------+
         Total |   4488 |   4378 |    110 |      0 |   3347 |   4 | 1122.0 |
       Dungeon |   4488 |   4378 |    110 |      0 |   3347 |   4 | 1122.0 |
               +--------+--------+--------+--------+--------+-----+--------+

Top non-repeatable levels by time:
     D:3: 1368 daAuts
     D:2: 1309 daAuts
     D:1: 1009 daAuts
     D:4: 801 daAuts
